 Dungeon Crawl Stone Soup version 0.32-a0-675-gdc239d62e1 (webtiles) character file.

Game seed: 4251371752137952702

10962 pyrow613 the Destroyer (level 11, 92/92 HPs)
             Began as a Black Draconian Conjurer on Oct 23, 2023.
             Was a Believer of Sif Muna.
             Got out of the dungeon alive.
             The game lasted 01:10:43 (12213 turns).

pyrow613 the Destroyer (Black Draconian Conjurer)  Turns: 12213, Time: 01:10:43

Health: 92/92      AC: 16    Str: 10    XL:     11   Next: 43%
Magic:  20/20      EV: 13    Int: 22    God:    Sif Muna [**....]
Gold:   766        SH:  0    Dex: 10    Spells: 4/22 levels left

rFire   . . .        b - +1 dagger (venom)
rCold   . . .        (no shield)
rNeg    + . .        (body armour unavailable)
rPois   .            k - +2 hat
rElec   +            q - +2 cloak
rCorr   .            G - +0 pair of gloves
SInv    .            A - +2 pair of boots
Will    .....        f - amulet of the acrobat
Stlth   +++          K - ring of positive energy
HPRegen 0.35/turn    (no ring)
MPRegen 0.17/turn

%: acrobat
@: no status effects
A: galvanic breath, AC +7, unfitting armour, electricity resistance,
cold-blooded
a: Galvanic Breath, Renounce Religion, Channel Magic


You escaped.
You worshipped Sif Muna.
Sif Muna was pleased with you.
You visited 2 branches of the dungeon, and saw 11 of its levels.
You also visited: Sewer and Ossuary.

You collected 766 gold pieces.

Inventory:

Hand Weapons
 b - a +1 dagger of venom (weapon)
 d - a +3 dagger of chaos
 g - a +0 dagger of protection
 m - a +1 dagger of electrocution
 p - a +0 sling
 w - a +2 dagger of draining
 z - a +2 short sword of holy wrath
Missiles
 C - 6 datura-tipped darts
 M - a throwing net
Armour
 k - a +2 hat (worn)
 q - a +2 cloak (worn)
 A - a +2 pair of boots (worn)
 G - a +0 pair of gloves (worn)
Magical Staves
 l - a staff of cold
 F - the staff "Efeynif" {rElec rF- rC+ rN+ Conj}
   (You acquired it on level 5 of the Dungeon)

   [staff of conjuration]

   Base accuracy: +5 Base damage: 5 Base attack delay: 1.2 This weapon's minimum
   attack delay (0.6) is reached at skill level 12.
   rF-:       It makes you vulnerable to fire.
   rC+:       It protects you from cold.
   rElec:     It insulates you from electricity.
   rN+:       It protects you from negative energy.
   Conj:      It increases the power of your Conjurations spells.
   It falls into the 'Staves' category.
   It is a one-handed weapon.
 L - a staff of air
Jewellery
 f - an amulet of the acrobat (around neck)
 K - a ring of positive energy (left hand)
 O - the ring "Ysem Pael" {Fire rElec rN+++}
   (You took it off a centaur warrior on level 9 of the Dungeon)

   [ring of fire]

   Fire:      It enhances your fire magic.
   rF+:       It protects you from fire.
   rC-:       It makes you vulnerable to cold.
   rElec:     It insulates you from electricity.
   rN+++:     It renders you almost immune to negative energy.
Wands
 h - a wand of iceblast (5)
 r - a wand of polymorph (2)
 x - a wand of digging (7)
 J - a wand of charming (12)
 P - a wand of mindburst (5)
Scrolls
 c - a scroll of blinking
 v - 5 scrolls of teleportation
 y - a scroll of enchant weapon
 I - a scroll of fear
 N - 4 scrolls of identify
Potions
 a - 3 potions of magic
 e - a potion of brilliance
 i - 4 potions of heal wounds
 j - 3 potions of lignification
 n - 2 potions of might
 o - 4 potions of ambrosia
 s - a potion of mutation {unknown}
 t - 2 potions of cancellation
 u - 4 potions of haste
 B - 6 potions of enlightenment
 D - 2 potions of attraction
 E - 4 potions of curing
 H - 2 potions of resistance


   Skills:
 + Level 7.2 Fighting
 - Level 1.7 Short Blades
 - Level 3.5 Staves
 + Level 6.4 Dodging
 - Level 6.3 Stealth
 + Level 6.3 Spellcasting
 + Level 8.7 Conjurations
 - Level 2.5 Hexes
 + Level 3.8 Translocations
 + Level 7.6 Air Magic
 + Level 4.0 Invocations


You had 4 spell levels left.
You knew the following spells:

 Your Spells              Type           Power      Damage    Failure   Level
a - Magic Dart            Conj           100%       1d8       1%          1
b - Searing Ray           Conj           90%        2d7       1%          2
c - Dazzling Flash        Conj/Hex       62%        N/A       2%          3
d - Swiftness             Air            40%        N/A       1%          3
e - Iskenderun's Battles  Conj           45%        2d10      7%          5
f - Iskenderun's Mystic   Conj/Tloc      34%        2d8       7%          4

Your spell library contained the following spells:

 Spells                   Type           Power      Damage    Failure   Level
 Ensorcelled Hibernation  Hex/Ice        24%        N/A       8%          2
 Volatile Blastmotes      Fire/Tloc      30%        2d12      12%         3
 Fulminant Prism          Conj/Alch      13%        3d8       14%         4
 Fugue of the Fallen      Necr           7%         N/A       26%         3
 Passwall                 Erth           7%         N/A       26%         3
 Irradiate                Conj/Alch      13%        3d16      38%         5
 Bombard                  Conj/Erth      13%        9d3       92%         6
 Spellforged Servitor     Conj/Summ      13%        N/A       100%        7


Dungeon Overview and Level Annotations

Branches:
Dungeon (10/15)            Temple (1/1) D:6            Lair (0/5) D:9
  Sewer (visited)         Ossuary (visited)
    Orc: D:9-12

Altars:
Ashenzari
Dithmenos
Elyvilon
Fedhas
Gozag
Hepliaklqana
Kikubaaqudgha
Makhleb
Nemelex Xobeh
Okawaru
Qazlal
Sif Muna
Trog
Uskayaw
Vehumet
Wu Jian
Xom
Yredelemnul
Zin
The Shining One

Shops:
D:1 [   D:3 (

Annotations:
D:2 1 runed translucent door, Crazy Yiuf
D:8 1 transporter, mortress's ghost, novice DrSh


Innate Abilities, Weirdness & Mutations

You can breathe arcing electricity.
Your glossy black scales are hard. (AC +7)
You cannot fit into any form of body armour.
You are resistant to electric shocks. (rElec)
You are cold-blooded and may be slowed by cold attacks.


Message History

You climb downwards.
Found 4 stones.
There is a stone staircase leading up here.
Welcome back, pyrow613 the Black Draconian Conjurer.
Sif Muna whispers: I know many secrets...
Press ? for a list of commands and other information.
You climb upwards.
There is a stone staircase leading down here.
What level of the Dungeon? (default 1, ? - help)
There is an open door here.
There is a stone staircase leading up here.
You climb upwards.
Level annotation: 1 transporter, mortress's ghost, novice DrSh
There is a stone staircase leading down here.
There is a stone staircase leading up here.
You climb upwards.
There is a stone staircase leading down here.
There is a stone staircase leading up here.
You climb upwards.
There is a stone staircase leading down here.
There is a stone staircase leading up, spattered with blood here.
You climb upwards.
There is a stone staircase leading down here.
There is a stone staircase leading up here.
You climb upwards.
There is a stone staircase leading down here.
There is an escape hatch in the floor here.
There is a stone staircase leading up here.
You climb upwards.
There is a stone staircase leading down here.
There is a stone staircase leading up here.
You climb upwards.
Level annotation: 1 runed translucent door, Crazy Yiuf
There is a stone staircase leading down here.
There is a stone staircase leading up here.
You climb upwards.
There is a stone staircase leading down here.
You can't go up here!
There is a staircase leading out of the dungeon here.
You have escaped!

.....###.# ♣♣.♣
######## .....'...#
♣.♣♣ .^...##### ♣♣.♣
.....'.# ♣♣.♣
.....#.# ♣.♣♣
.....#.# ♣.♣ ######.#
♣♣.♣♣ #.# ♣...♣
######.# ♣.@.♣
.......# ♣...♣
######## ♣♣.♣♣
#.####### ♣♣.♣♣
#.......# ♣♣.♣
###.#####.# ♣.♣♣
....# #...# ♣♣.♣♣
##.######.# ♣..♣
####### ##†###.†..#
######..#######......


There were no monsters in sight!

Vanquished Creatures
  A centaur warrior (D:9)
  A boulder beetle (D:9)
  3 two-headed ogres (D:9)
  A manticore (D:9)
  Joseph (D:7)
  A gargoyle (D:7)
  A tengu conjurer (D:9)
  A troll (D:9)
  A shadow (D:9)
  3 wyverns (D:9)
  8 yaks (D:9)
  A steam dragon (D:9)
  Menkaure (D:6)
  Duvessa (D:7)
  2 water moccasins
  3 orc warriors
  3 sky beasts
  2 black bears (D:6)
  An ice beast (D:6)
  3 ogres
  3 centaurs (D:9)
  A phantom (D:6)
  A kobold brigand (D:9)
  Blork the orc (D:5)
  5 scorpions
  4 bullfrogs
  6 wights
  Dowan (D:7)
  17 killer bees
  3 howler monkeys
  4 jellies (D:6)
  6 orc priests
  A gnoll bouda (D:7)
  4 hounds
  A sleepcap (D:8)
  Terence (D:2)
  An iguana (D:5)
  3 orc wizards
  8 mummies (Ossuary)
  15 adders
  5 gnolls
  3 river rats
  2 shadow imps
  2 white imps (D:6)
  4 ufetubi
  A ribbon worm (D:5)
  2 dart slugs (D:1)
  22 orcs
  15 ball pythons
  3 bats (D:1)
  10 endoplasms
  9 giant cockroaches
  A gnoll zombie (Ossuary)
  14 goblins
  5 hobgoblins
  10 jackals
  17 kobolds
  4 quokkas
  4 frilled lizards
  3 hobgoblin zombies (Ossuary)
  4 kobold zombies (Ossuary)
  26 rats
291 creatures vanquished.

Notes
Turn   | Place    | Note
-------+----------+-------------------------------------------
     0 | D:1      | pyrow613 the Draconian Conjurer began the quest for the
                  | Orb.
     0 | D:1      | Reached XP level 1. HP: 14/14 MP: 3/3
   378 | D:1      | Reached XP level 2. HP: 20/20 MP: 1/5
   505 | D:1      | Found Zudautek's Armour Boutique.
   645 | D:1      | Reached XP level 3. HP: 19/27 MP: 2/6
   648 | D:1      | Learned a level 2 spell: Searing Ray
   698 | D:1      | Reached skill level 1 in Fighting
   862 | D:1      | You fall into a shaft and drop 1 floor!
  1404 | D:2      | Noticed Terence
  1412 | D:2      | Killed Terence
  1413 | D:2      | Reached XP level 4. HP: 32/35 MP: 1/7
  2208 | D:2      | Found a runed translucent door.
  2209 | D:2      | Noticed Crazy Yiuf
  2597 | D:3      | Learned a level 3 spell: Dazzling Flash
  2660 | D:3      | Reached XP level 5. HP: 40/41 MP: 5/9
  2961 | D:3      | Reached skill level 5 in Conjurations
  3043 | D:3      | Found Idwionau's Antique Weapon Shoppe.
  3507 | D:4      | Noticed a sky beast
  3522 | D:4      | Killed a sky beast
  3523 | D:4      | Reached skill level 1 in Hexes
  3523 | D:4      | Reached XP level 6. HP: 41/49 MP: 1/10
  3678 | D:4      | Found a glowing drain.
  3712 | Sewer    | Entered a sewer
  4042 | Sewer    | Identified the +7 mace of the Final Decision {antimagic,
                  | rCorr Str+2}
  4755 | D:4      | Your scales start taking on a glossy black colour.
  4755 | D:4      | Reached XP level 7. HP: 56/56 MP: 11/11
  4755 | D:4      | Gained mutation: You are resistant to electric shocks.
                  | (rElec) [Black Draconian growth]
  4827 | D:4      | Learned a level 3 spell: Swiftness
  5039 | D:5      | Entered Level 5 of the Dungeon
  5039 | D:5      | Noticed Blork the orc
  5039 | D:5      | Found a white marble altar of Elyvilon.
  5177 | D:5      | Reached skill level 1 in Short Blades
  5177 | D:5      | Reached skill level 6 in Conjurations
  5362 | D:5      | Killed Blork the orc
  5429 | D:5      | Found a sand-covered staircase.
  5434 | Ossuary  | Entered an ossuary
  5476 | Ossuary  | Reached XP level 8. HP: 53/63 MP: 8/13
  5952 | D:5      | Identified a scroll of acquirement
  5952 | D:5      | Acquired the staff "Efeynif" {rElec rF- rC+ rN+ Conj}
  6392 | D:6      | Reached skill level 1 in Staves
  6447 | D:6      | Reached skill level 1 in Air Magic
  6654 | D:6      | Noticed Menkaure
  6673 | D:6      | Reached skill level 7 in Conjurations
  6755 | D:6      | Killed Menkaure
  6898 | D:6      | Noticed Sigmund
  6900 | D:6      | Sigmund changed into Sigmund the jelly
  6900 | D:6      | Noticed Sigmund
  6903 | D:6      | Killed Sigmund the jelly
  6944 | D:6      | Reached XP level 9. HP: 72/72 MP: 9/15
  7001 | D:6      | Found a staircase to the Ecumenical Temple.
  7029 | Temple   | Entered the Ecumenical Temple
  7034 | Temple   | Became a worshipper of Sif Muna the Loreminder
  7491 | D:7      | Noticed Dowan
  7492 | D:7      | Noticed Duvessa
  7500 | D:7      | Killed Dowan
  7531 | D:7      | Killed Duvessa
  7757 | D:7      | Noticed Joseph
  7795 | D:7      | Killed Joseph
  7796 | D:7      | Reached skill level 5 in Fighting
  7975 | D:7      | Learned a level 5 spell: Iskenderun's Battlesphere
  8012 | D:7      | Noticed a gargoyle
  8020 | D:7      | Killed a gargoyle
  8021 | D:7      | Reached skill level 5 in Stealth
  8021 | D:7      | Reached skill level 5 in Air Magic
  8273 | D:7      | Reached skill level 5 in Dodging
  8391 | D:7      | Reached skill level 5 in Spellcasting
  8529 | D:8      | Learned a level 4 spell: Iskenderun's Mystic Blast
  8542 | D:8      | Noticed mortress's ghost (novice DrSh)
  8543 | D:8      | Found a transporter.
  8543 | D:8      | Identified the +7 dire flail "Esuitze" {chaos, Int+4 Dex+5}
  8543 | D:8      | Noticed a two-headed ogre
  8567 | D:8      | Reached * piety under Sif Muna
  8761 | D:8      | Reached XP level 10. HP: 75/82 MP: 5/17
  9017 | D:8      | Reached skill level 1 in Translocations
  9612 | D:9      | Reached skill level 1 in Invocations
  9989 | D:9      | Reached skill level 8 in Conjurations
 10081 | D:9      | Noticed a two-headed ogre
 10158 | D:9      | Noticed a two-headed ogre
 10180 | D:9      | Killed a two-headed ogre
 10290 | D:9      | Reached ** piety under Sif Muna
 10565 | D:9      | Found a hazy altar of Hepliaklqana.
 10687 | D:9      | Noticed a manticore
 10700 | D:9      | Killed a manticore
 10701 | D:9      | Reached XP level 11. HP: 91/91 MP: 8/19
 10779 | D:9      | Noticed a boulder beetle
 10780 | D:9      | Noticed a two-headed ogre
 10813 | D:9      | Killed a boulder beetle
 11020 | D:9      | Identified the ring "Ysem Pael" {Fire rElec rN+++}
 11020 | D:9      | Noticed a centaur warrior
 11043 | D:9      | Killed a centaur warrior
 11476 | D:9      | Killed a two-headed ogre
 11572 | D:9      | Upgraded the game from 0.31-a0-960-g0fca184906 to
                  | 0.31-a0-963-ga325b2283a
 11583 | D:9      | Killed a two-headed ogre
 11679 | D:9      | Found a staircase to the Lair.
 12056 | D:10     | Entered Level 10 of the Dungeon
 12057 | D:10     | Upgraded the game from 0.31-a0-963-ga325b2283a to
                  | 0.32-a0-675-gdc239d62e1
 12213 | D:$      | Got out of the dungeon alive.

Illustrated notes

Levels and vault maps discovered:
D:1:      roderic_dead_forest, layout_basic, serial_shops, shop,
          minmay_shallow_snake_nest
D:2:      layout_basic, nrook_uturn, minmay_crystal_water, uniq_terence,
          uniq_crazy_yiuf_cottage
D:3:      layout_basic, serial_shops, shop, hangedman_decor_slide_cut
D:4:      layout_loops_ring, gup_sewer_entry_bubbles
D:5:      layout_rooms, elyvilon_altar_5, enter_ossuary_5, uniq_blork_the_orc
D:6:      layout_rooms, temple_fountains, serial_curves, eino_curves_01,
          eino_curves_01, uniq_sigmund, uniq_menkaure
D:7:      layout_rooms, eino_jars, uniq_duvessa, uniq_joseph
D:8:      layout_loops_ring, gammafunk_ghost_smash, minmay_tree_intersection
D:9:      nzn_winding_woodlands_small [nzn_winding_woodlands_5x15_sawtooth,
          nzn_winding_woodlands_center_triple_pond,
          nzn_winding_woodlands_5x15_cabin], layout_stronghold,
          lemuel_crystal_altar, lair_entry_dummy
D:10:     minmay_diamond_stairs, layout_basic, mainiacjoe_overflow_chevrons,
          cheibriados_altar_1, uniq_maurice
Temple:   dpeg_three_leaves_temple

Skill      XL: |  1  2  3  4  5  6  7  8  9 10 11 |
---------------+----------------------------------+-----
Stealth        | 2 3 4 5 6 |  6.3
Dodging        | 2 3 4 5 6 |  6.4
Fighting       | 1 2 3 4 5 6 7 |  7.2
Conjurations   | 5 6 7 8 |  8.7
Spellcasting   | 3 4 5 6 |  6.3
Hexes          | 1 2 |  2.5
Short Blades   | 1 |  1.7
Staves         | 2 3 |  3.5
Air Magic      | 3 5 7 |  7.6
Translocations | 2 3 |  3.8
Invocations    | 3 4 |  4.0

Action                     |  1- 3 |  4- 6 |  7- 9 | 10-12 || total
---------------------------+-------+-------+-------+-------++-------
  Melee: Dagger            |    89 |   223 |   186 |   135 ||   633
         Tailslap          |     8 |    24 |    32 |    16 ||    80
         Punch             |     1 |       |     2 |     1 ||     4
         Short sword       |       |       |    57 |       ||    57
   Cast: Magic Dart        |    32 |    30 |    24 |    23 ||   109
         Searing Ray       |     1 |     8 |    33 |    29 ||    71
         Swiftness         |       |       |     1 |       ||     1
         Iskenderun's Batt |       |       |     2 |     7 ||     9
         Iskenderun's Myst |       |       |       |    12 ||    12
         Dazzling Flash    |       |       |       |     1 ||     1
Ability: Galvanic Breath   |       |       |     8 |     2 ||    10
  Evoke: Wand              |       |       |     6 |       ||     6
    Use: Scroll            |       |     5 |    20 |     2 ||    27
         Potion            |       |       |     2 |     1 ||     3
   Stab: Sleeping          |     3 |     9 |     3 |       ||    15
         Distracted        |       |       |       |     1 ||     1
 Armour: Skin              |    49 |   103 |   160 |   138 ||   450
  Dodge: Dodged            |    85 |   165 |   235 |   167 ||   652

Table legend: (Time is in decaauts)
 A = Elapsed time spent in this place.
 B = Non-inter-level travel time spent in this place.
 C = Inter-level travel time spent in this place.
 D = Time resting spent in this place.
 E = Time spent auto-exploring this place.
 F = Levels seen in this place.
 G = Mean time per level.
                   A        B        C        D        E       F      G
               +--------+--------+--------+--------+--------+-----+--------+
         Total |  12233 |  11807 |    426 |   2285 |   6811 |  13 |  941.0 |
       Dungeon |  11042 |  10616 |    426 |   2207 |   6135 |  10 | 1104.2 |
        Temple |     10 |     10 |      0 |      0 |      0 |   1 |   10.0 |
         Sewer |    668 |    668 |      0 |     29 |    367 |   1 |  668.0 |
       Ossuary |    511 |    511 |      0 |     49 |    309 |   1 |  511.0 |
               +--------+--------+--------+--------+--------+-----+--------+

Top non-repeatable levels by time:
     D:9: 2132 daAuts
     D:8: 1433 daAuts
     D:2: 1399 daAuts
     D:6: 1198 daAuts
     D:1: 1193 daAuts
     D:4: 1005 daAuts
     D:3: 975 daAuts
     D:7: 874 daAuts
     D:5: 828 daAuts
   Sewer: 668 daAuts
 Ossuary: 511 daAuts
  Temple: 10 daAuts
    D:10: 1 daAuts
